AoeStats
← komailvidz

Black Forest

510538455Analyzed
4v4 RM · 2d ago on Oct 1, 2026· 116m 43s· 8 players
Game mode
Random Map
Map size
Large (8 player)
Population
200
Speed
Normal
Resources
Standard
Victory
Conquest
Starting age
Dark Age
Ending age
Imperial Age
RankedLock teamsTeams togetherTeam positionsShared explorationLock speedFull tech treeHidden civsTurbo modeCheats
Victory
Defeat
710
+12
🇪🇸 Chinese · Spain
674
+13
🇵🇰 Bohemians · Pakistan
653
+14
🇸🇮 Japanese · Slovenia
584
+17
🇨🇿 Vikings · Czechia
766
-21
🇻🇳 Persians · Vietnam
635
-15
🇹🇼 Khmer · Taiwan
515
-10
🇵🇱 Maya · Poland
505
-10
Quijote
0:39 Loom
16:42 Feudal Age
18:35 Double-Bit Axe
25:35 Castle Age
25:18 Gold Mining
25:20 Stone Mining
25:21 Fletching
29:16 Bodkin Arrow
30:14 Wheelbarrow
34:20 Imperial Age
35:17 Ballistics
35:11 Fortified Wall
36:09 Conscription
37:22 Bracer
37:33 Thumb Ring
38:33 Chemistry
37:23 Town Watch
38:20 Gold Shaft Mining
37:33 Horse Collar
40:42 Elite Chu Ko Nu
43:23 Hand Cart
43:27 Masonry
43:13 Murder Holes
46:00 Padded Archer Armor
46:08 Caravan
47:20 Architecture
47:02 Fervor
47:49 Crossbowman
48:46 Leather Archer Armor
49:11 Stone Shaft Mining
48:47 Arbalester
52:59 Ring Archer Armor
57:54 Sanctity
59:36 Herbal Medicine
60:19 Bow Saw
61:29 Great Wall
63:57 Town Patrol
64:15 Forging
64:06 Scale Mail Armor
64:11 Scale Barding Armor
63:33 Elite Skirmisher
64:20 Heavy Plow
74:40 Coinage
74:34 Rocketry
78:26 Sappers
83:07 Two-Man Saw
82:37 Pikeman
83:18 Squires
83:05 Heavy Rocket Cart
85:19 Iron Casting
85:00 Chain Mail Armor
85:05 Chain Barding Armor
84:50 Cavalier
86:35 Husbandry
86:47 Bloodlines
85:59 Light Cavalry
86:23 Halberdier
86:48 Arson
86:24 Elite Fire Lancer
86:25 Man-at-Arms
93:02 Devotion
93:28 Illumination
93:19 Block Printing
93:40 Theocracy
93:06 Atonement
92:32 Heavy Scorpion
92:36 Capped Ram
93:22 Heated Shot
94:49 Faith
95:18 Bombard Tower
94:43 Arrowslits
94:49 Guard Tower
95:11 Careening
95:12 Clinker Construction
95:23 Shipwright
95:09 Siphons
101:09 Banking
103:28 Dry Dock
103:45 Keep
103:59 Fishing Lines
104:01 Siege Ram
104:49 Gillnets
106:08 Blast Furnace
105:38 Plate Mail Armor
105:44 Plate Barding Armor
104:43 Long Swordsman
105:36 Two-Handed Swordsman
107:44 Champion
111:00 Spies/Treason
komailvidz
0:41 Loom
20:21 Feudal Age
22:27 Wheelbarrow
22:44 Town Watch
22:50 Fishing Lines
27:31 Castle Age
25:52 Double-Bit Axe
27:19 Man-at-Arms
33:51 Gillnets
37:11 Hand Cart
39:53 Scale Barding Armor
39:49 Scale Mail Armor
39:59 Forging
39:40 Fletching
40:31 Fortified Wall
45:24 Imperial Age
43:01 Horse Collar
43:33 Wagenburg Tactics
48:47 Chemistry
48:00 Heavy Plow
51:19 Town Patrol
52:39 Elite Hussite Wagon
53:35 Caravan
54:23 Bow Saw
56:36 Padded Archer Armor
60:26 Chain Barding Armor
60:22 Chain Mail Armor
60:42 Iron Casting
61:55 Pikeman
62:36 Squires
65:41 Halberdier
66:47 Leather Archer Armor
66:28 Bodkin Arrow
67:20 Coinage
70:27 Bombard Tower
70:29 Ballistics
70:00 Guard Tower
70:07 Murder Holes
70:17 Siege Engineers
70:23 Masonry
74:37 Keep
73:48 Arrowslits
75:36 Banking
79:18 Two-Man Saw
77:48 Houfnice
85:04 Plate Mail Armor
85:05 Ring Archer Armor
84:37 Bracer
85:38 Blast Furnace
93:03 Hussite Reforms
96:41 Fervor
96:31 Atonement
96:43 Redemption
96:34 Devotion
96:59 Illumination
96:50 Block Printing
96:31 Herbal Medicine
97:12 Theocracy
96:57 Heresy
96:58 Sanctity
96:11 Light Cavalry
100:05 Guilds
112:34 Faith
115:07 Conscription
114:18 Sappers
^LoZo^
11:13 Feudal Age
11:46 Double-Bit Axe
16:45 Castle Age
20:48 Bow Saw
24:05 Fishing Lines
26:42 Gillnets
26:52 Gold Mining
27:17 Stone Mining
31:06 Wheelbarrow
33:05 Imperial Age
31:21 Yasama
31:51 Forging
31:41 Scale Mail Armor
31:35 Fletching
32:27 Gold Shaft Mining
32:14 Hand Cart
33:31 Iron Casting
34:22 Kataparuto
34:27 Conscription
36:48 Blast Furnace
36:03 Chain Mail Armor
35:44 Bodkin Arrow
36:12 Ballistics
36:52 Chemistry
35:59 Siege Engineers
35:41 Arrowslits
35:49 Guard Tower
37:22 Two-Man Saw
37:10 Hoardings
35:59 Elite Samurai
38:38 Horse Collar
39:14 Treadmill Crane
39:32 Murder Holes
41:36 Keep
41:03 Bracer
41:34 Plate Mail Armor
41:11 Caravan
41:41 Coinage
52:09 Banking
57:43 Town Watch
80:06 Heavy Cavalry Archer
81:11 Parthian Tactics
82:15 Elite Skirmisher
83:11 Thumb Ring
83:15 Padded Archer Armor
86:27 Leather Archer Armor
115:22 Spies/Treason
翻斗花园突击手刷子fores
11:00 Feudal Age
11:35 Horse Collar
11:42 Double-Bit Axe
18:00 Castle Age
18:51 Bow Saw
20:22 Wheelbarrow
21:13 Heavy Plow
24:38 Loom
25:09 Hand Cart
24:53 Loom
25:24 Hand Cart
29:12 Imperial Age
26:38 Town Watch
28:27 Fletching
28:37 Padded Archer Armor
29:13 Ballistics
28:40 Fishing Lines
29:57 Thumb Ring
31:05 Two-Man Saw
30:10 Heavy Cavalry Archer
31:20 Conscription
31:59 Parthian Tactics
32:08 Gold Mining
33:49 Gold Shaft Mining
33:21 Corvinian Army
33:42 Bodkin Arrow
34:03 Leather Archer Armor
33:55 Scale Barding Armor
34:15 Elite Magyar Huszar
36:05 Chemistry
37:48 Bracer
38:19 Ring Archer Armor
38:11 Chain Barding Armor
39:22 Recurve Bow
40:15 Crop Rotation
48:49 Plate Barding Armor
52:11 Caravan
61:25 Pikeman
62:15 Halberdier
62:37 Halberdier
65:36 Scale Mail Armor
91:41 Coinage
99:23 Bloodlines
99:14 Husbandry
104:10 Banking
Tosti133
14:49 Feudal Age
16:42 Double-Bit Axe
19:04 Wheelbarrow
19:28 Gold Mining
19:29 Stone Mining
20:19 Horse Collar
26:37 Castle Age
25:39 Fletching
25:49 Padded Archer Armor
25:50 Scale Mail Armor
26:00 Forging
28:14 Heavy Plow
28:27 Bow Saw
28:17 Bodkin Arrow
29:05 Hand Cart
29:06 Thumb Ring
28:21 Crossbowman
29:55 Leather Archer Armor
32:36 Chain Mail Armor
32:56 Iron Casting
34:12 Squires
33:33 Pikeman
40:27 Imperial Age
38:33 Ballistics
39:14 Caravan
41:22 Halberdier
42:36 Ring Archer Armor
42:07 Bracer
43:08 Blast Furnace
42:38 Plate Mail Armor
42:22 Masonry
42:44 Arbalester
46:05 Chemistry
51:07 Capped Ram
51:21 Elite Plumed Archer
56:16 Onager
67:08 Architecture
66:22 Siege Ram
79:51 Elite Skirmisher
Jay84
12:28 Feudal Age
12:53 Horse Collar
15:44 Double-Bit Axe
20:59 Castle Age
19:15 Gold Mining
19:19 Stone Mining
23:24 Heavy Plow
23:43 Caravan
28:54 Wheelbarrow
29:25 Tusk Swords
32:01 Stone Shaft Mining
32:05 Gold Shaft Mining
33:29 Hand Cart
33:38 Bow Saw
35:00 Coinage
37:28 Imperial Age
35:29 Forging
35:26 Scale Barding Armor
38:58 Banking
38:36 Scale Mail Armor
39:12 Iron Casting
38:57 Chain Barding Armor
38:28 Fletching
38:39 Padded Archer Armor
39:02 Conscription
38:44 Double Crossbow
39:56 Elite Battle Elephant
40:42 Husbandry
40:52 Bloodlines
40:03 Light Cavalry
41:28 Elite Ballista Elephant
42:20 Elite Skirmisher
42:47 Pikeman
46:15 Halberdier
46:38 Hussar
48:27 Crop Rotation
59:13 Leather Archer Armor
58:54 Bodkin Arrow
59:59 Blast Furnace
59:15 Chain Mail Armor
59:35 Plate Barding Armor
59:39 Hoardings
60:59 Onager
65:48 Ring Archer Armor
65:19 Bracer
69:25 Cavalier
73:25 Chemistry
72:45 Ballistics
72:37 Fortified Wall
73:04 Capped Ram
Blitzo
1:25 Loom
14:23 Feudal Age
14:51 Double-Bit Axe
14:56 Horse Collar
18:13 Gold Mining
18:20 Fletching
18:30 Padded Archer Armor
21:36 Scale Mail Armor
21:45 Scale Barding Armor
21:41 Padded Archer Armor
25:28 Castle Age
23:14 Town Watch
23:41 Stone Mining
25:36 Arson
26:10 Heavy Plow
26:24 Bow Saw
26:26 Bodkin Arrow
28:48 Leather Archer Armor
30:25 Gold Shaft Mining
30:28 Ballistics
30:10 Murder Holes
31:23 Chain Mail Armor
31:20 Forging
35:17 Iron Casting
35:11 Squires
38:05 Imperial Age
35:36 Town Patrol
39:57 Chemistry
39:17 Fortified Wall
39:15 Siege Engineers
39:21 Masonry
41:14 Chieftains
42:04 Crop Rotation
42:13 Elite Varangian Guard
44:45 Blast Furnace
50:30 Two-Man Saw
53:30 Bracer
53:25 Treadmill Crane
62:15 Two-Man Saw
72:17 Plate Mail Armor
72:27 Man-at-Arms
73:28 Long Swordsman
74:20 Two-Handed Swordsman
76:55 Champion
Tie
0:52 Loom
15:08 Feudal Age
16:20 Double-Bit Axe
23:08 Castle Age
21:20 Horse Collar
21:34 Gold Mining
24:02 Bow Saw
24:34 Heavy Plow
24:28 Stone Mining
26:19 Forging
28:51 Wheelbarrow
29:39 Stone Shaft Mining
29:35 Caravan
31:04 Hand Cart
35:07 Imperial Age
33:04 Bloodlines
33:22 Scale Mail Armor
33:30 Scale Barding Armor
34:03 Iron Casting
34:33 Scale Barding Armor
36:30 Chemistry
35:49 Cavalier
38:36 Gold Shaft Mining
38:21 Husbandry
38:44 Citadels
40:09 Blast Furnace
39:29 Chain Barding Armor
39:01 Fletching
40:47 Savar
43:54 Hoardings
46:43 Plate Barding Armor
53:14 Light Cavalry
54:09 Light Cavalry
54:56 Bodkin Arrow
55:21 Hussar
66:29 Crop Rotation
66:46 Conscription
Connection lost

Rejoining the realm…

Still unreachable

The connection could not be restored.

Session expired

The server has moved on; the page needs a fresh start.